 Dungeon Crawl Stone Soup version 0.24.0-35-gdb84b6a5db (webtiles) character file.

Game seed: 13855901721537776019, levelgen mode: deterministic

49 DildoBatman the Magician (level 4, 0/30 HPs)
             Began as a Formicid Wizard on Nov 20, 2019.
             Succumbed to an adder's poison
             ... on level 2 of the Dungeon.
             The game lasted 00:02:48 (1272 turns).

DildoBatman the Magician (Formicid Wizard)          Turns: 1272, Time: 00:02:48

Health: 0/30       AC:  2    Str: 12    XL:     4   Next: 2%
Magic:  8/8        EV: 12    Int: 18    God:
Gold:   67         SH:  0    Dex:  9    Spells: 2/9 levels left

rFire    . . .     SeeInvis +   a - +1 dagger (venom)
rCold    . . .     Gourm    .   (no shield)
rNeg     . . .     Faith    .   i - +0 robe
rPois    .         Spirit   .   (helmet unavailable)
rElec    .         Reflect  .   (no cloak)
rCorr    .         Harm     .   (no gloves)
MR       .....                  (no boots)
Stlth    ++........             (no amulet)
HPRegen  0.10/turn              (no ring)
MPRegen  0.11/turn              (no ring)

@: lethally poisoned (0 -> -12)
A: permanent stasis, dig shafts and tunnels, four strong arms, antennae 3
a: Dig, Shaft Self


You were on level 2 of the Dungeon.
You were not hungry.

You visited 1 branch of the dungeon, and saw 2 of its levels.

You collected 67 gold pieces.

Inventory:

Hand Weapons
 a - a +1 dagger of venom (weapon)
Missiles
 g - 13 stones (quivered)
Armour
 f - a cursed -1 ring mail
 i - a +0 robe (worn)
Scrolls
 c - 4 scrolls of remove curse {unknown}
 h - a scroll of immolation {unknown}
 k - a scroll of blinking {unknown}
Potions
 b - a potion of might {unknown}
 e - a potion of brilliance {unknown}
 j - a potion of curing {unknown}
Comestibles
 v - 4 rations


   Skills:
 - Level 1.7 Dodging
 - Level 2.4 Stealth
 - Level 3.2 Spellcasting
 * Level 3.2 Conjurations
   Level 1.0 Summonings
   Level 0.8 Translocations


You had 2 spell levels left.
You knew the following spells:

 Your Spells              Type           Power        Failure   Level  Hunger
a - Conjure Flame         Conj/Fire      #.......     24%         3    ###....
c - Magic Dart            Conj           ##..         4%          1    None
e - Mephitic Cloud        Conj/Pois/Air  #.......     30%         3    ###....

Your spell library contained the following spells:

 Spells                   Type           Power        Failure   Level  Hunger
 Call Imp                 Summ           #.......     16%         2    ##.....
 Slow                     Hex            #.......     24%         2    ##.....
 Blink                    Tloc           Unusable     N/A         2    N/A

Dungeon Overview and Level Annotations

Branches:
Dungeon (2/15)

Altars:
Trog


Innate Abilities, Weirdness & Mutations

You cannot be hasted, slowed, berserked, paralysed or teleported.
You can dig through walls and to a lower floor.
Your four strong arms can wield two-handed weapons with a shield.
You have a pair of large antennae on your head. (SInv)


Message History

t - Shout!
Orders for allies: a - Attack new target. r - Retreat! s - Stop attacking. g - Guard the area. f - Follow me.
Anything else - Cancel.
You shout for attention!
You feel sick. The giant cockroach bites you. The adder bites you.
You are more poisoned.
The adder poisons you!
The giant cockroach bites you but does no damage.
What are your orders? t - Shout!
Orders for allies: a - Attack new target. r - Retreat! s - Stop attacking. g - Guard the area. f - Follow me.
Anything else - Cancel.
You shout for attention!
You die...

..........#...
###########..#._.
.
#.........#..#...
..
##.#######....##..
#. #..# ###......
#..###.## #.####.
##.....# #.# #.
..#####Ss# #.# ##
##@# #.##### #..#
#...... #.##
####### .. #.# ..
###


You could see an adder and a giant cockroach.

Vanquished Creatures
  An adder (D:2)
  A worm (D:2)
  2 dart slugs (D:2)
  A leopard gecko (D:1)
  5 bats (D:1)
  A giant cockroach (D:2)
  5 goblins
  3 hobgoblins
  2 quokkas (D:2)
  4 frilled lizards
  4 kobolds
  2 rats
31 creatures vanquished.

Notes
Turn   | Place    | Note
-------+----------+-------------------------------------------
     0 | D:1      | DildoBatman the Formicid Wizard began the quest for the
                  | Orb.
     0 | D:1      | Reached XP level 1. HP: 13/13 MP: 4/4
     2 | D:1      | Reached skill level 1 in Conjurations
   208 | D:1      | Reached XP level 2. HP: 19/19 MP: 0/6
   631 | D:1      | You fall into a shaft and drop 1 floor!
   725 | D:2      | Reached XP level 3. HP: 20/24 MP: 0/7
   730 | D:2      | Learned a level 3 spell: Conjure Flame
   734 | D:2      | Learned a level 3 spell: Mephitic Cloud
  1024 | D:2      | Found a bloodstained altar of Trog.
  1155 | D:2      | Reached XP level 4. HP: 25/30 MP: 3/8
  1271 | D:2      | HP: 1/30 [adder (1)]
  1272 | D:2      | Succumbed to an adder's poison

Levels and vault maps discovered:
D:1:      dpeg_arrival_lava_altar, layout_rooms, minmay_misc_feat_cross
D:2:      layout_loops_ring, bloody_trog, serial_co_window_serial,
          co_window_corner_a, co_window_paths_b, co_window_corner_a,
          co_window_corner_a, co_window_of_opportunity_a, co_window_paths_b,
          co_window_paths_a, co_window_of_opportunity_a, co_window_corner_a,
          co_window_corner_b, co_window_of_opportunity_c, co_window_paths_c,
          co_window_2corner, co_window_sun

Skill      XL: |  1  2  3 |
---------------+----------+-----
Conjurations   | 1 2 3 |  3.2
Dodging        | |  1.7
Stealth        | |  2.4
Spellcasting   | |  3.2
Summonings     | |  1.0
Translocations | |  0.8

Action                   |  1- 3 |  4- 6 || total
-------------------------+-------+-------++-------
Melee: Dagger            |    36 |       ||    36
       Club              |     1 |       ||     1
 Cast: Magic Dart        |    54 |     2 ||    56
 Stab: Sleeping          |     3 |       ||     3
  Eat: Chunk             |     1 |       ||     1
Armor: Robe              |     3 |     9 ||    12
Dodge: Dodged            |    30 |    27 ||    57
